 Dungeon Crawl Stone Soup version 0.26-a0-540-g8a0c9464d7 (webtiles) character file.

Game seed: 12469042319196790197

2 Ewyn99 the Cutter (level 1, -6/18 HPs)
             Began as a Ghoul Gladiator on Aug 17, 2020.
             Mangled by a gnoll
             ... wielding a +0 halberd
              (8 damage)
             ... on level 1 of the Dungeon.
             The game lasted 00:13:33 (498 turns).

Ewyn99 the Cutter (Ghoul Gladiator)                  Turns: 498, Time: 00:13:34

Health: -6/18      AC:  4    Str: 17    XL:     1   Next: 40%
Magic:  0/0        EV: 12    Int:  3    God:
Gold:   16         SH:  0    Dex: 10    Spells: 0/0 levels left

rFire    . . .     SeeInvis .   a - +0 rapier
rCold    + . .     Faith    .   (no shield)
rNeg     + + +     Spirit   .   b - +0 leather armour
rPois    ∞         Reflect  .   c - +0 helmet
rElec    .         Harm     .   (no cloak)
rCorr    .                      (no gloves)
MR       .....                  (no boots)
Stlth    +.........             (no amulet)
HPRegen  0.00/turn              (no ring)
MPRegen  0.07/turn              (no ring)

@: no status effects
A: rotting body, claws 1, cold resistance 1, negative energy resistance 3,
inhibited regeneration, torment resistance, unbreathing
a: no special abilities


You were on level 1 of the Dungeon.
You visited 1 branch of the dungeon, and saw 1 of its levels.

You collected 16 gold pieces.

Inventory:

Hand Weapons
 a - a +0 rapier (weapon)
 f - a +0 dagger
 g - a +1 short sword of venom
Missiles
 d - 3 throwing nets (quivered)
 h - 32 arrows
Armour
 b - a +0 leather armour (worn)
 c - a +0 helmet (worn)
Scrolls
 e - a scroll of enchant armour {unknown}
 j - a scroll of identify {unknown}


   Skills:
 + Level 2.3 Fighting
 + Level 2.7 Short Blades
 + Level 1.7 Throwing
 + Level 2.7 Dodging


You couldn't memorise any spells.
You didn't know any spells.
Your spell library was empty.

Dungeon Overview and Level Annotations

Branches:
Dungeon (1/15)

Altars:


Innate Abilities, Weirdness & Mutations

Your body is rotting away.
You thrive by killing the living.
You are immune to poison.
You have sharp fingernails.
Your flesh is cold resistant. (rC+)
You are immune to negative energy. (rN+++)
You do not regenerate when monsters are visible.
You are immune to unholy pain and torment.
You can survive without breathing.


Message History

You don't know any spells.
j - a scroll labeled TUZAUP TUOR The kobold barely misses you.
You hit the kobold.
The kobold is moderately wounded.
The kobold hits you.
* * * LOW HITPOINT WARNING * * *
You hit the kobold.
You kill the kobold!
You see here a kobold corpse.
There are no objects that can be picked up here. a kobold corpse It was a potion of cancellation.
You feel magically purged.
A gnoll comes into view. It is wielding a +0 halberd.
The gnoll shouts!
You see here a kobold corpse.
The gnoll closely misses you. The gnoll completely misses you.
The gnoll hits you from afar with a +0 halberd!
You die...

#.##.#####.## #.
#..#.#.##)#.##.# #.
#..#.#.#.###.#.# #.
#..#.#.#.#<#.#.# #.
#..#.#.#.#'#.#.# #.
#..#.#.'#...##.# #.
##########..#.##.#####.## #.
#........#..##.##...#.## ##.
.###........#.@.##.#######.##..
............g....##.......##..#
...................########..##
...........†................##
....#######....#...........## .
#....######.......###
#....#...............
......#.............#.
.......#.............#.


You could see a gnoll.

Vanquished Creatures
  A goblin (D:1)
  A kobold (D:1)
  A rat (D:1)
3 creatures vanquished.

Notes
Turn   | Place    | Note
-------+----------+-------------------------------------------
     0 | D:1      | Ewyn99 the Ghoul Gladiator began the quest for the Orb.
     0 | D:1      | Reached XP level 1. HP: 17/17 MP: 0/0
   498 | D:1      | Mangled by a gnoll

Illustrated notes

Levels and vault maps discovered:
D:1:      evilmike_arrival_rings, layout_basic

Action                   || total
-------------------------++-------
Melee: Rapier            ||    11
  Use: Potion            ||     1
Armor: Leather armour    ||     2
Dodge: Dodged            ||     6

Table legend: (Time is in decaauts)
 A = Elapsed time spent in this place.
 B = Non-inter-level travel time spent in this place.
 C = Inter-level travel time spent in this place.
 D = Time resting spent in this place.
 E = Time spent auto-exploring this place.
 F = Levels seen in this place.
 G = Mean time per level.
                   A        B        C        D        E       F      G
               +--------+--------+--------+--------+--------+-----+--------+
         Total |    498 |    498 |      0 |    200 |     86 |   1 |  498.0 |
       Dungeon |    498 |    498 |      0 |    200 |     86 |   1 |  498.0 |
               +--------+--------+--------+--------+--------+-----+--------+

Top non-repeatable levels by time:
     D:1: 498 daAuts
